 Dungeon Crawl Stone Soup version 0.31-a0-1204-ge2c1a860ed (webtiles) character file.

Game seed: 5871385334437708684

108 backslashecho the Ruffian (level 5, 5/40 HPs)
             Began as a Meteoran Shapeshifter on Dec 12, 2023.
             Quit the game on level 3 of the Dungeon.
             The game lasted 00:04:48 (835 turns).

backslashecho the Ruffian (Meteoran Shapeshifter)    Turns: 835, Time: 00:04:48

Health: 5/40       AC:  3    Str: 21    XL:     5   Next: 35%
Magic:  5/5        EV: 12    Int: 15    God:
Gold:   145        SH:  0    Dex: 14    Spells: 4/4 levels left

rFire   . .          .
                       - Unarmed
rCold   . . .        (no shield)
rNeg    . . .        a - +0 animal skin
rPois   .            (helmet currently unavailable)
rElec   .            (cloak currently unavailable)
rCorr   .            (gloves currently unavailable)
SInv    .            (boots currently unavailable)
Will    .....        (no amulet)
Stlth   +            k - +6 ring of strength
HPRegen 0.26/turn    (no ring)
MPRegen 0.09/turn

%: no passive effects
@: beast-form, glowing
A: beast (slay +2), sense surroundings 1, otherworldly, glowing, explore regen,
clever 1, low MP 1, shaggy fur 1
a: Begin Untransformation


You were on level 3 of the Dungeon.
You were a hulking beast.
You visited 1 branch of the dungeon, and saw 3 of its levels.

You collected 145 gold pieces.

Inventory:

Armour
 a - a +0 animal skin (worn)
Jewellery
 k - a +6 ring of strength (left hand)
Talismans
 c - a beast talisman
 d - a flux talisman
Scrolls
 l - a scroll of vulnerability


   Skills:
 - Level 1.1 Fighting
 - Level 2.1 Dodging
 * Level 5.7 Unarmed Combat
 + Level 4.6 Shapeshifting


You had 4 spell levels left.
You didn't know any spells.
Your spell library was empty.

Dungeon Overview and Level Annotations

Branches:
Dungeon (3/15) Zot: 989

Altars:

Annotations:
D:2 Sigmund
D:3 Grinder, Ijyb, Robin


Innate Abilities, Weirdness & Mutations

You are a hulking beast.
Your limbs bulge with bestial killing power. (Slay +2)
You passively map a small area around you.
You are easily found by Zot.
You glow in the dark.
You regain HP and MP as you explore.
Your mind is acute. (Int +4, Str/Dex -1)
Your magical capacity is low. (-10% MP)
You are covered in fur. (AC +1)


Message History

3 gnolls and a quokka come into view.
The gnoll shouts!
There is an open door here.
Found a faded altar of an unknown god.
Why would you want to do that?
As you close the door, it creaks loudly!
The quokka bites you.
You take 1 damage, and have 39/40 hp.
You hit the quokka but do no damage.
The quokka bites you but does no damage.
Health restored: 40 You barely miss the quokka.
The quokka bites you.
You take 1 damage, and have 39/40 hp.
You punch the quokka!
You kill the quokka!
The gnoll hits you from afar with a +0 spear.
You take 2 damage, and have 37/40 hp.
You punch the gnoll!
The gnoll is severely wounded.
The gnoll closely misses you. The gnoll hits you with a +0 club.
You take 4 damage, and have 33/40 hp.
You barely miss the gnoll.
The gnoll is severely wounded.
The gnoll closely misses you. The gnoll barely misses you.
The gnoll hits you with a +0 club.
You punch the gnoll!
You kill the gnoll!
The gnoll closely misses you.
The gnoll hits you from afar with a +0 spear.
You take 6 damage, and have 27/40 hp.
The gnoll closely misses you.
The gnoll hits you from afar with a +0 halberd!
Things that are here:
a +0 club; a quokka corpse You take 14 damage, and have 13/40 hp.
MASSIVE DAMAGE!!
The gnoll closely misses you.
The gnoll hits you from afar with a +0 spear.
* * * LOW HITPOINT WARNING * * *
You take 4 damage, and have 9/40 hp.
Okay, then.
Okay, then.
The air fills with toxic fumes!
As you read the scroll labelled WUMONU RUGGIES, it crumbles to dust.
It was a scroll of poison.
The gnoll misses you.
The gnoll hits you from afar with a +0 halberd.
* * * LOW HITPOINT WARNING * * *
Something unseen opens the door.
You take 4 damage, and have 5/40 hp.
Okay, then.
Are you sure you want to abandon this character and quit the game? (Confirm with "yes".)

* * , * * , * ,
, , , * * * * ,
,, *** * ,
######### * *,
§§§§§§§§###+###
, ,* *
..§≈..§h##....#
,, * *,
≈..≈§g§§#.....#
,
≈.§≈.g§§#.)...#
####+#
###_####'.....#
*...... *
..§..§§#.....#
...... *
≈.g≈..≈§#.....#
...... *
..g§.§..#.....#
......
..§....#.....#
...... *
########.....#,
......


You could see 2 gnolls.

Vanquished Creatures
  An orc wizard (D:3)
  A gnoll (D:3)
  2 adders (D:2)
  A worm (D:2)
  A dart slug (D:3)
  4 orcs (D:3)
  4 ball pythons
  2 endoplasms
  3 giant cockroaches
  4 hobgoblins
  2 kobolds
  3 quokkas
  4 bats
  2 frilled lizards (D:1)
  9 goblins (D:3)
  A rat (D:1)
44 creatures vanquished.

Notes
Turn   | Place    | Note
-------+----------+-------------------------------------------
     0 | D:1      | backslashecho the Meteoran Shapeshifter began the quest for
                  | the Orb.
     0 | D:1      | Reached XP level 1. HP: 16/16 MP: 2/2
   167 | D:1      | Reached XP level 2. HP: 23/23 MP: 3/3
   170 | D:1      | Reached skill level 4 in Unarmed Combat
   318 | D:2      | Reached XP level 3. HP: 21/28 MP: 4/4
   502 | D:2      | Noticed Sigmund
   565 | D:2      | Reached XP level 4. HP: 32/35 MP: 5/5
   634 | D:3      | Reached skill level 5 in Unarmed Combat
   688 | D:3      | Noticed Robin
   704 | D:3      | Reached XP level 5. HP: 25/40 MP: 6/6
   717 | D:3      | Gained mutation: Your magical capacity is low. (-10% MP)
                  | [potion of mutation]
   717 | D:3      | Gained mutation: You are covered in fur. (AC +1) [potion of
                  | mutation]
   717 | D:3      | Gained mutation: Your mind is acute. (Int +4, Str/Dex -1)
                  | [potion of mutation]
   811 | D:3      | Noticed Grinder
   812 | D:3      | Noticed Ijyb
   824 | D:3      | Found a faded altar of an unknown god.
   835 | D:3      | Quit the game

Illustrated notes

Levels and vault maps discovered:
D:1:      dpeg_arrival_subterranean_lakeside_camping, layout_loops_ring,
          minmay_misc_feat_five, minivault_27, hangedman_decor_riveting,
          minmay_misc_feat_more_columns, minmay_pentomino_z2
D:2:      layout_loops_ring, bh_walls_and_bars, uniq_sigmund
D:3:      minmay_chambers_of_threes, layout_basic,
          shapermc_ecumenical_altar_notcrosses, uniq_ijyb, uniq_grinder,
          uniq_robin

Skill      XL: |  1  2  3  4 |
---------------+-------------+-----
Unarmed Combat | 4 5 |  5.7
Shapeshifting  | 4 |  4.6
Fighting       | |  1.1
Dodging        | |  2.1

Action                     |  1- 3 |  4- 6 || total
---------------------------+-------+-------++-------
  Melee: Unarmed           |    60 |    50 ||   110
         Punch             |     3 |     3 ||     6
    Use: Potion            |       |     5 ||     5
         Scroll            |       |     4 ||     4
 Armour: Animal skin       |    24 |    27 ||    51
         Skin              |       |    15 ||    15
  Dodge: Dodged            |    43 |    34 ||    77

Table legend: (Time is in decaauts)
 A = Elapsed time spent in this place.
 B = Non-inter-level travel time spent in this place.
 C = Inter-level travel time spent in this place.
 D = Time resting spent in this place.
 E = Time spent auto-exploring this place.
 F = Levels seen in this place.
 G = Mean time per level.
                   A        B        C        D        E       F      G
               +--------+--------+--------+--------+--------+-----+--------+
         Total |    810 |    810 |      0 |      7 |    288 |   3 |  270.0 |
       Dungeon |    810 |    810 |      0 |      7 |    288 |   3 |  270.0 |
               +--------+--------+--------+--------+--------+-----+--------+

Top non-repeatable levels by time:
     D:2: 302 daAuts
     D:1: 256 daAuts
     D:3: 251 daAuts
